 Dungeon Crawl Stone Soup version 0.31.0-12-g77e489cdc1 (webtiles) character file.

Game seed: 7019019426227046843

84 spaghetti the Cutter (level 4, 0/28 HPs)
             Began as a Tengu Chaos Knight on Feb 22, 2024.
             Was a Plaything of Xom.
             Killed by nerve-wracking pain
             ... invoked by Jessica
              (8 damage)
             ... on level 2 of the Dungeon.
             The game lasted 00:01:33 (918 turns).

spaghetti the Cutter (Tengu Chaos Knight)            Turns: 918, Time: 00:01:34

Health: 0/28       AC:  9    Str: 13    XL:     4   Next: 45%
Magic:  7/7        EV: 11    Int: 12    God:    Xom [..*...]
Gold:   107        SH:  0    Dex: 15    Spells: 5/5 levels left

rFire   . . .        a - +0 short sword (chaos)
rCold   . . .        (no shield)
rNeg    . . .        b - +2 leather armour
rPois   .            (helmet restricted)
rElec   .            (no cloak)
rCorr   .            (no gloves)
SInv    .            (boots unavailable)
Will    .....        (no amulet)
Stlth   ++           e - +4 ring of protection
HPRegen 0.24/turn    (no ring)
MPRegen 0.10/turn

%: acrobat
@: no status effects
A: beak, talons 3, acrobatic
a: Renounce Religion


You were on level 2 of the Dungeon.
You worshipped Xom.
You were a toy of Xom.
You visited 1 branch of the dungeon, and saw 2 of its levels.

You collected 107 gold pieces.

Inventory:

Hand Weapons
 a - a +0 short sword of chaos (weapon)
Armour
 b - a +2 leather armour (worn)
Jewellery
 e - a +4 ring of protection (left hand)
Scrolls
 c - a scroll of butterflies
 d - a scroll of identify {unknown}
 j - 2 scrolls of fear {unknown}
Potions
 f - a potion of magic {unknown}
 g - 2 potions of lignification {unknown}
 h - 2 potions of curing {unknown}
 i - a potion of brilliance {unknown}
 k - a potion of degeneration {unknown}


   Skills:
 - Level 3.0 Fighting
 - Level 3.2 Short Blades
 - Level 2.1 Armour
 - Level 1.1 Dodging
 + Level 3.2 Stealth
 + Level 1.4 Spellcasting
 + Level 1.6 Necromancy


You had 5 spell levels left.
You didn't know any spells.
Your spell library contained the following spells:

 Spells                   Type           Power      Damage    Failure   Level
 Necrotise                Necr           16%        1d4       19%         1
 Fugue of the Fallen      Necr           4%         N/A       50%         3
 Vampiric Draining        Necr           4%         2d6       50%         3
 Ozocubu's Armour         Ice            0%         N/A       73%         3
 Martyr's Knell           Necr/Summ      2%         N/A       95%         4
 Manifold Assault         Tloc           0%         N/A       98%         4
 Curse of Agony           Necr           4%         N/A       99%         5


Dungeon Overview and Level Annotations

Branches:
Dungeon (2/15)

Altars:
Nemelex Xobeh

Annotations:
D:2 Jessica


Innate Abilities, Weirdness & Mutations

You have a beak for a mouth.
You have claws for feet.
You can magically evade attacks while moving or waiting.


Message History

Your peck misses Jessica.
Jessica is moderately wounded.
Jessica hits you with a +3 dagger of speed.
Jessica hits you but does no damage.
You are too injured to fight recklessly!
You are too injured to fight recklessly!
You are too injured to fight recklessly!
You are too injured to fight recklessly!
You are too injured to fight recklessly!
You are too injured to fight recklessly!
You are too injured to fight recklessly!
You are too injured to fight recklessly!
You are too injured to fight recklessly!
Jessica is nearby!
Jessica is nearby!
You are too injured to fight recklessly!
You hit Jessica but do no damage. Your kick misses Jessica.
You peck Jessica, but do no damage.
Jessica is moderately wounded.
Jessica mumbles some strange words.
Jessica blinks!
Jessica closely misses you. Jessica attacks as she pursues you!
Jessica completely misses you. Jessica closely misses you.
Jessica casts a spell at you. Pain shoots through your body!
You hit Jessica. You freeze Jessica.
Jessica is moderately wounded.
Jessica says, "Why did you come here?" Jessica closely misses you.
You barely miss Jessica. You peck Jessica, but do no damage.
Jessica is moderately wounded.
Jessica hits you with a +3 dagger of speed.
* * * LOW HITPOINT WARNING * * *
Jessica closely misses you.
You closely miss Jessica.
Jessica is moderately wounded.
Jessica points at you and mumbles some strange words.
Pain shoots through your body!
You die...
Xom laughs nastily!

......... #.#
..####### #.# ###
#.# # .# #.## #
####.# #... #
###....# ###. #
#...##.# #. #
#.....)####### #.
# #.@.........%#
#. ##@._..### #.#
#. #.....# #.# #.
#$....# #.# #.
#.....#####.#####.
#.##..............
#.#####.......##..
#.# #.###.#.##..
#. .[.##..#.##..


You could see Jessica (fast).

Vanquished Creatures
  A bombardier beetle (D:2)
  Terence (D:2)
  A dart slug (D:1)
  5 ball pythons
  5 endoplasms
  A giant cockroach (D:1)
  A goblin (D:1)
  3 hobgoblins (D:1)
  A quokka (D:1)
  4 bats (D:1)
  A frilled lizard (D:1)
  3 kobolds (D:1)
  4 rats
31 creatures vanquished.

Notes
Turn   | Place    | Note
-------+----------+-------------------------------------------
     0 | D:1      | spaghetti the Tengu Chaos Knight began the quest for the
                  | Orb.
     0 | D:1      | Reached XP level 1. HP: 14/14 MP: 2/2
    17 | D:1      | Reached skill level 1 in Stealth
    22 | D:1      | XOM: silly message
    31 | D:1      | Reached XP level 2. HP: 15/19 MP: 3/3
   175 | D:1      | XOM: silly message
   394 | D:1      | Reached XP level 3. HP: 23/23 MP: 4/4
   401 | D:1      | XOM: silly message
   706 | D:2      | Noticed Terence
   716 | D:2      | Killed Terence
   717 | D:2      | Reached skill level 1 in Spellcasting
   717 | D:2      | Reached skill level 1 in Necromancy
   723 | D:2      | XOM: divination: magic mapping
   786 | D:2      | Reached XP level 4. HP: 6/28 MP: 5/7
   905 | D:2      | Found a sparkling altar of Nemelex Xobeh.
   905 | D:2      | Noticed Jessica
   918 | D:2      | Killed from afar by Jessica

Illustrated notes

Levels and vault maps discovered:
D:1:      minmay_arrival_diagonal_passages, layout_basic
D:2:      layout_loops_ring, basic_altar, uniq_terence, uniq_sigmund,
          uniq_jessica

Skill      XL: |  1  2  3 |
---------------+----------+-----
Stealth        | 1 2 3 |  3.2
Spellcasting   | 1 |  1.4
Necromancy     | 1 |  1.6
Fighting       | |  3.0
Short Blades   | |  3.2
Armour         | |  2.1
Dodging        | |  1.1

Action                     |  1- 3 |  4- 6 || total
---------------------------+-------+-------++-------
  Melee: Short sword       |    82 |     8 ||    90
         Kick              |    20 |     2 ||    22
         Peck              |    12 |     2 ||    14
   Stab: Sleeping          |     3 |       ||     3
 Armour: Leather armour    |    29 |     5 ||    34
  Dodge: Dodged            |    46 |     7 ||    53
